 Dungeon Crawl Stone Soup version 0.29-a0-330-g52719c12eb (webtiles) character file.

Game seed: 8078765554170866724

102 Anon1729 the Skirmisher (level 4, -5/35 HPs)
             Began as a Mummy Monk on May 15, 2022.
             Was a Follower of Yredelemnul.
             Slain by a gnoll
             ... wielding a +0 halberd
              (13 damage)
             ... on level 3 of the Dungeon.
             The game lasted 00:02:06 (2485 turns).

Anon1729 the Skirmisher (Mummy Monk)                Turns: 2485, Time: 00:02:06

Health: -5/35      AC:  2    Str: 14    XL:     4   Next: 50%
Magic:  5/5        EV: 12    Int: 11    God:    Yredelemnul [*.....]
Gold:   37         SH:  0    Dex: 14    Spells: 5/5 levels left

rFire   x . .      SeeInvis +   a - +0 short sword
rCold   + . .      Faith    .   (no shield)
rNeg    + + +      Spirit   .   b - +0 robe
rPois   ∞          Reflect  .   (no helmet)
rElec   .          Harm     .   (no cloak)
rCorr   .          Rampage  .   (no gloves)
Will    .....                   (no boots)
Stlth   ++........              (no amulet)
HPRegen 0.11/turn               f - ring of see invisible
MPRegen 0.09/turn               (no ring)

@: no status effects
A: cold resistance 1, negative energy resistance 3, torment resistance 2, heat
vulnerability 1, in touch with death 1, no potions
a: Renounce Religion, Recall Undead Harvest


You were on level 3 of the Dungeon.
You worshipped Yredelemnul.
Yredelemnul was noncommittal.
You visited 1 branch of the dungeon, and saw 3 of its levels.

You collected 37 gold pieces.

Inventory:

Hand Weapons
 a - a +0 short sword (weapon)
Armour
 b - a +0 robe (worn)
Jewellery
 f - a ring of see invisible (left hand)
 h - an amulet of magic regeneration
Scrolls
 c - 3 scrolls of amnesia {unknown}
 d - a scroll of fear {unknown}
 e - a scroll of holy word {unknown}
 g - a scroll of teleportation {unknown}
 i - a scroll of brand weapon {unknown}


   Skills:
 + Level 3.4 Fighting
 + Level 2.8 Short Blades
 + Level 2.8 Dodging
 + Level 2.2 Stealth
 + Level 1.3 Spellcasting
 + Level 0.0 Hexes
 * Level 1.4 Invocations


You had 5 spell levels left.
You didn't know any spells.
Your spell library contained the following spells:

 Spells                   Type           Power      Damage    Failure   Level
 Shock                    Conj/Air       0%         1d3       32%         1
 Swiftness                Air            0%         N/A       67%         3
 Tukima's Dance           Hex            0%         N/A       67%         3
 Airstrike                Air            0%         N/A       97%         4
 Passage of Golubria      Tloc           0%         N/A       97%         4
 Yara's Violent Unravell  Hex/Tmut       0%         3d3       100%        5


Dungeon Overview and Level Annotations

Branches:
Dungeon (3/15)

Altars:
Yredelemnul


Innate Abilities, Weirdness & Mutations

You are immune to poison.
Your flesh is cold resistant. (rC+)
You are immune to negative energy. (rN+++)
You are immune to unholy pain and torment.
You are vulnerable to heat. (rF-)
You are in touch with the powers of death.
You do not drink.


Message History

There are monsters nearby!
The ball python hisses angrily.
The orc shouts!
You hear a shout! x3
A gnoll comes into view. It is wielding a +0 halberd. x2
An orc comes into view. It is wielding a +0 dagger.
An orc wizard comes into view. It is wielding a +0 dagger.
The orc wizard shouts!
You hear a shout!
A gnoll comes into view. It is wielding a +0 halberd.
The ball python bites you. The ball python grabs you.
The ball python constricts you.
The orc wizard moves out of view.
You hit the ball python.
The ball python is moderately wounded.
The ball python closely misses you. The ball python constricts you.
You closely miss the ball python.
The ball python is moderately wounded.
Your spectral endoplasm hits the ball python.
The ball python dies!
A black mist starts to gather...
A gnoll comes into view. It is wielding a +0 flail.
You hit the orc.
The orc is heavily wounded.
Your spectral endoplasm hits the orc.
The orc hits you with a +0 club.
You hit the orc.
You kill the orc!
A black mist starts to gather...
The gnoll hits you from afar with a +0 halberd!
The orc hits your orc zombie with a +0 dagger.
You swap places.
The gnoll barely misses you. The gnoll completely misses you.
The orc hits you with a +0 dagger.
An orc comes into view. It is wielding a +0 hand axe.
An adder comes into view.
You see here a +0 club.
You barely miss the orc. The gnoll barely misses you.
The orc hits you with a +0 dagger.
The gnoll hits you from afar with a +0 halberd!
* * * LOW HITPOINT WARNING * * *
The orc attacks as you move away! The orc hits you but does no damage.
Your orc zombie barely misses the gnoll.
The gnoll hits you from afar with a +0 halberd!
You die...
Yredelemnul claims you as an undead slave.

#.# #.# #.# #.#
#.# #.# #.# #.#
#######.# #.#
......#.######.#
......Z$Z....Z.#
####.#Z######.#
#..@# #.# #ZZ##
#.# #go# #Z#
.g.g# #.# #..###
#Z## #.. #..#
... #######..#
.... .........#
.### ########.#


You could see 3 gnolls, an orc (ally target), a friendly spectral endoplasm, a
friendly ball python zombie, a friendly kobold zombie and 2 friendly orc
zombies.

Vanquished Creatures
  3 adders (D:2)
  3 dart slugs
  3 orcs (D:3)
  3 bats
  8 endoplasms
  A giant cockroach (D:1)
  2 goblins (D:1)
  A jackal (D:1)
  A quokka (D:1)
  2 ball pythons (D:2)
  2 kobolds
  A rat (D:3)
30 creatures vanquished.

Vanquished Creatures (collateral kills)
  3 gnolls (D:2)
  A hobgoblin (D:2)
  A jackal (D:1)
  A ball python (D:3)
  A bat (D:2)
  A goblin (D:1)
8 creatures vanquished.

Vanquished Creatures (others)
  A bat zombie (D:2)
  A plant (D:1)
2 creatures vanquished.

Grand Total: 40 creatures vanquished

Notes
Turn   | Place    | Note
-------+----------+-------------------------------------------
     0 | D:1      | Anon1729 the Mummy Monk began the quest for the Orb.
     0 | D:1      | Reached XP level 1. HP: 18/18 MP: 1/1
   258 | D:1      | Reached XP level 2. HP: 24/24 MP: 2/2
   409 | D:1      | Found a faded altar of an unknown god.
   432 | D:1      | Prayed at the altar of an unknown god.
   432 | D:1      | Became a worshipper of Yredelemnul the Dark
   432 | D:1      | Reached * piety under Yredelemnul
   432 | D:1      | Reached ** piety under Yredelemnul
  1040 | D:2      | Gained mutation: You are in touch with the powers of death.
                  | [Mummy growth]
  1040 | D:2      | Reached XP level 3. HP: 13/29 MP: 3/3
  1436 | D:2      | Reached skill level 1 in Invocations
  1440 | D:2      | Reached skill level 1 in Spellcasting
  1440 | D:2      | Reached XP level 4. HP: 16/35 MP: 5/5
  2485 | D:3      | Slain by a gnoll

Illustrated notes

Levels and vault maps discovered:
D:1:      co_arrival_random_square_maze, layout_basic, serial_forest,
          infiniplex_forest_clump_small, infiniplex_forest_diagonal,
          infiniplex_forest_lined_1, infiniplex_forest_straight_2,
          infiniplex_forest_corner_1, infiniplex_forest_lined_room_3,
          infiniplex_forest_straight_5,
          dreamdust_ecumenical_altar_angels_and_demons
D:2:      layout_basic
D:3:      layout_loops_ring, nicolae_overflow_crystal_walls,
          hangedman_feature_mirror, grunt_ministairs_9

Skill      XL: |  1  2  3 |
---------------+----------+-----
Stealth        | 2 |  2.2
Invocations    | 1 |  1.4
Spellcasting   | 1 |  1.3
Fighting       | |  3.4
Short Blades   | |  2.8
Dodging        | |  2.8

Action                   |  1- 3 |  4- 6 || total
-------------------------+-------+-------++-------
Melee: Short sword       |    88 |    45 ||   133
 Stab: Sleeping          |     5 |     1 ||     6
       Distracted        |     1 |       ||     1
Armor: Robe              |    21 |     6 ||    27
Dodge: Dodged            |    53 |    26 ||    79

Table legend: (Time is in decaauts)
 A = Elapsed time spent in this place.
 B = Non-inter-level travel time spent in this place.
 C = Inter-level travel time spent in this place.
 D = Time resting spent in this place.
 E = Time spent auto-exploring this place.
 F = Levels seen in this place.
 G = Mean time per level.
                   A        B        C        D        E       F      G
               +--------+--------+--------+--------+--------+-----+--------+
         Total |   2480 |   2405 |     75 |    251 |   1839 |   3 |  826.7 |
       Dungeon |   2480 |   2405 |     75 |    251 |   1839 |   3 |  826.7 |
               +--------+--------+--------+--------+--------+-----+--------+

Top non-repeatable levels by time:
     D:2: 1227 daAuts
     D:1: 987 daAuts
     D:3: 265 daAuts
